 Dungeon Crawl Stone Soup version 0.25.1-2-g60ff931df9 (webtiles) character file.

Game seed: 3284227976263213972

3525 markt42 the Basher (level 10, -9/58 HPs)
             Began as a Gargoyle Fighter on Oct 4, 2020.
             Was a Follower of Okawaru.
             Killed by divine providence
             ... invoked by an orc priest
              (17 damage)
             ... on level 8 of the Dungeon.
             The game lasted 00:09:55 (7205 turns).

markt42 the Basher (Gargoyle Fighter)               Turns: 7205, Time: 00:09:56

Health: -9/58      AC: 33    Str: 22    XL:     10   Next: 8%
Magic:  6/10       EV:  5    Int: 14    God:    Okawaru [*.....]
Gold:   429        SH: 11    Dex: 12    Spells: 9/9 levels left

rFire    . . .     SeeInvis .   a - +0 flail
rCold    + . .     Gourm    .   c - +0 kite shield
rNeg     + . .     Faith    .   D - +0 plate armour
rPois    ∞         Spirit   .   p - +0 helmet
rElec    +         Reflect  .   q - +0 cloak
rCorr    .         Harm     .   E - +1 pair of gloves
MR       .....                  F - +0 pair of boots
Stlth    ..........             (no amulet)
HPRegen  0.19/turn              m - +4 ring of protection
MPRegen  0.12/turn              u - ring "Siguh" {rC+ Int+5}

@: no status effects
A: talons 1, molten scales 1, negative energy resistance 1, electricity
resistance, strong 1, unbreathing, petrification resistance, rot immunity, AC +7
a: Heroism, Renounce Religion


You were on level 8 of the Dungeon.
You worshipped Okawaru.
Okawaru was aware of your devotion.
You were not hungry.

You visited 2 branches of the dungeon, and saw 9 of its levels.
You also visited: Sewer.

You collected 429 gold pieces.

Inventory:

Hand Weapons
 a - a +0 flail (weapon)
Armour
 c - a +0 kite shield (worn)
 p - a +0 helmet (worn)
 q - a +0 cloak (worn)
 D - a +0 plate armour (worn)
 E - a +1 pair of gloves (worn)
 F - a +0 pair of boots (worn)
Jewellery
 m - a +4 ring of protection (left hand)
 t - an uncursed ring of resist corrosion
 u - the ring "Siguh" (right hand) {rC+ Int+5}
   (You found it on level 5 of the Dungeon)

   [ring of protection from cold]

   It affects your intelligence (+5).
   It protects you from cold.
Wands
 v - a wand of digging (5)
 w - a wand of polymorph (9)
 y - a wand of iceblast (8)
Scrolls
 e - 5 scrolls of teleportation
 g - 4 scrolls of identify
 h - 2 scrolls of random uselessness
 i - 2 scrolls of amnesia
 j - 4 scrolls of remove curse
 k - a scroll of noise
 l - 3 scrolls of magic mapping
 s - 2 scrolls of fear
 x - 3 scrolls of fog
 G - a scroll of holy word {unknown}
Potions
 b - 6 potions of flight
 d - a potion of ambrosia {unknown}
 n - a potion of haste
 o - 3 potions of curing
 z - a potion of cancellation
 A - a potion of might
 B - a potion of stabbing
 C - 2 potions of heal wounds
Comestibles
 f - 13 rations
 r - 2 chunks of flesh


   Skills:
 + Level 4.9 Fighting
 * Level 10.4 Maces & Flails
 * Level 7.9 Armour
 + Level 1.0 Dodging
 + Level 0.8 Stealth
 + Level 7.2 Shields


You had 9 spell levels left.
You didn't know any spells.
Your spell library contained the following spells:

 Spells                   Type           Power        Failure   Level  Hunger
 Summon Small Mammal      Summ           #...         100%        1    ##.....
 Call Imp                 Summ           #.......     100%        2    ###....
 Call Canine Familiar     Summ           #.......     100%        3    ####...
 Summon Guardian Golem    Hex/Summ       #.......     100%        3    ####...
 Summon Ice Beast         Ice/Summ       #.......     100%        4    #####..
 Summon Lightning Spire   Summ/Air       #.......     100%        4    #####..


Dungeon Overview and Level Annotations

Branches:
Dungeon (8/15)             Temple (1/1) D:4           Sewer (visited)
   Lair: D:8-11

Altars:
Ashenzari
Elyvilon
Fedhas
Gozag
Kikubaaqudgha
Makhleb
Nemelex Xobeh
Okawaru
Qazlal
Ru
Sif Muna
Trog
Uskayaw
Vehumet
Wu Jian
Xom
Yredelemnul
Zin
The Shining One

Shops:
D:6 (


Innate Abilities, Weirdness & Mutations

You are resistant to torment.
Your stone body is resilient. (AC +7)
You are immune to poison.
You resist negative energy. (rN+)
You are resistant to electric shocks. (rElec)
You can survive without breathing.
You are immune to petrification.
You are immune to rotting.
You have sharp toenails.
You are partially covered in molten scales. (AC +2)
Your muscles are strong. (Str +2)


Message History

The orc priest calls upon Beogh to heal something.
You hit something but do no damage.
The orc priest calls down the wrath of Beogh upon you.
Beogh smites you! Something hits you but does no damage.
You miss something. Something hits you but does no damage.
You closely miss something. Something hits you but does no damage.
You miss something. You block something's attack.
You miss something. Something hits you but does no damage.
You hit something. Something hits you but does no damage.
You hit something but do no damage.
The orc priest invokes the aid of Beogh against you.
Beogh smites you! Something hits you but does no damage.
You barely miss something. Something hits you but does no damage.
You closely miss something.
The orc priest mumbles some strange prayers to Beogh against you.
Beogh smites you!
* * * LOW HITPOINT WARNING * * *
The orc priest calls down the wrath of Beogh upon you.
Beogh smites you!
You die...

............##≈.# §§#
...##.###.>#.'§.# ..+
....### #.##.#≈.###.§#
.#..#.###÷)..#≈.)§§§§#
##......##...#≈≈≈§≈≈≈#
##..#....##..####§####
#....o##...(.# #)#
......##.o.o.####(#
......##.....(##@(#
....o........oZ{.##
o......(...##o####
###........####
####...... #.......#
#....#.## ##.....#
###...


You could see 2 orc priests and a centaur skeleton.

Vanquished Creatures
  Grinder (D:3)
  2 hippogriffs (D:7)
  Eustachio (D:4)
  A hornet zombie (D:6)
  2 sky beasts
  An ice beast (D:8)
  5 ogres
  2 black bears (D:7)
  An eye of draining (D:8)
  A phantom (D:7)
  2 necrophages
  3 centaurs
  A bullfrog (D:5)
  A big kobold (D:8)
  2 scorpions
  A howler monkey (D:8)
  A crimson imp (D:7)
  A centaur zombie (D:7)
  3 orc priests (D:5)
  A hound (D:6)
  2 jellies
  Crazy Yiuf (D:3)
  3 orc wizards
  Natasha (thrice) (D:3)
  Terence (D:2)
  5 worker ants
  A hound skeleton (D:5)
  Robin (D:2)
  2 howler monkey skeletons
  8 adders
  11 gnolls
  A shadow imp (D:7)
  6 oozes
  8 worms
  3 dart slugs
  10 leopard geckos
  12 orcs
  2 ball pythons
  16 bats
  9 giant cockroaches
  19 goblins
  10 hobgoblins
  13 jackals
  3 quokkas
  A ball python skeleton (D:5)
  6 frilled lizards
  14 kobolds
  A quokka skeleton (D:7)
  15 rats
220 creatures vanquished.

Vanquished Creatures (others)
  3 plants (D:8)
3 creatures vanquished.

Grand Total: 223 creatures vanquished

Notes
Turn   | Place    | Note
-------+----------+-------------------------------------------
     0 | D:1      | markt42 the Gargoyle Fighter began the quest for the Orb.
     0 | D:1      | Reached XP level 1. HP: 14/14 MP: 1/1
   124 | D:1      | Reached XP level 2. HP: 19/19 MP: 2/2
   355 | D:1      | Reached XP level 3. HP: 23/23 MP: 3/3
   739 | D:2      | Noticed a centaur
   745 | D:2      | Killed a centaur
   745 | D:2      | Reached skill level 3 in Maces & Flails
   745 | D:2      | Reached XP level 4. HP: 25/28 MP: 4/4
   745 | D:2      | Reached XP level 5. HP: 28/32 MP: 5/5
   999 | D:2      | Reached skill level 4 in Maces & Flails
  1052 | D:2      | Found a faded altar of an unknown god.
  1060 | D:2      | Noticed Terence
  1075 | D:2      | Killed Terence
  1204 | D:2      | Noticed Robin
  1238 | D:2      | Killed Robin
  1444 | D:3      | Found a glowing drain.
  1465 | Sewer    | Entered a sewer
  1691 | Sewer    | Reached XP level 6. HP: 37/37 MP: 6/6
  2570 | D:3      | Found a burning altar of Makhleb.
  2574 | D:3      | Noticed Natasha
  2581 | D:3      | Killed Natasha
  2652 | D:3      | Reached skill level 5 in Maces & Flails
  2679 | D:3      | Noticed Natasha
  2689 | D:3      | Killed Natasha
  2689 | D:3      | Reached skill level 5 in Armour
  2766 | D:3      | Noticed Grinder
  2776 | D:3      | Paralysed by Grinder for 2 turns
  2783 | D:3      | Paralysed by Grinder for 7 turns
  2798 | D:3      | Killed Grinder
  2798 | D:3      | Reached XP level 7. HP: 28/42 MP: 7/7
  2863 | D:3      | Noticed Natasha
  2871 | D:3      | Killed Natasha
  2975 | D:3      | Found a runed translucent door.
  2976 | D:3      | Noticed Crazy Yiuf
  3320 | D:3      | Killed Crazy Yiuf
  3465 | D:4      | Noticed Eustachio
  3475 | D:4      | Killed Eustachio
  3475 | D:4      | Reached skill level 6 in Maces & Flails
  3607 | D:4      | Reached XP level 8. HP: 36/48 MP: 8/8
  3632 | D:4      | Reached skill level 7 in Maces & Flails
  3632 | D:4      | Reached skill level 5 in Shields
  4306 | D:4      | Found a staircase to the Ecumenical Temple.
  4319 | Temple   | Entered the Ecumenical Temple
  4487 | D:5      | Entered Level 5 of the Dungeon
  4489 | D:5      | Found a shattered altar of Ashenzari.
  4570 | D:5      | Gained mutation: You are partially covered in molten
                  | scales. (AC +2) [potion of mutation]
  4570 | D:5      | Gained mutation: You have sharp toenails. [potion of
                  | mutation]
  4570 | D:5      | Gained mutation: Your muscles are strong. (Str +2) [potion
                  | of mutation]
  4650 | D:5      | Found an ancient bone altar of Kikubaaqudgha.
  4821 | D:5      | Got an ancient bone ring
  4902 | D:5      | Identified the ring "Siguh" {rC+ Int+5} (You found it on
                  | level 5 of the Dungeon)
  4949 | D:5      | Reached skill level 8 in Maces & Flails
  5213 | D:6      | Found an opulent altar of Gozag.
  5279 | D:6      | Reached XP level 9. HP: 45/52 MP: 9/9
  5655 | D:6      | Found Alueptanog's Weapon Emporium.
  6058 | D:6      | Reached skill level 9 in Maces & Flails
  6217 | D:7      | Found a stormy altar of Qazlal.
  6374 | D:7      | Found an iron altar of Okawaru.
  6400 | D:7      | Became a worshipper of Warmaster Okawaru
  6826 | D:7      | Reached * piety under Okawaru
  6826 | D:7      | Reached skill level 10 in Maces & Flails
  6842 | D:7      | Found a sacrificial altar of Ru.
  6855 | D:7      | Found an ancient bone altar of Kikubaaqudgha.
  6855 | D:7      | Found a basalt altar of Yredelemnul.
  7082 | D:8      | Reached XP level 10. HP: 57/58 MP: 8/10
  7127 | D:8      | Reached skill level 1 in Dodging
  7205 | D:8      | Killed from afar by an orc priest

Illustrated notes

Levels and vault maps discovered:
D:1:      dpeg_arrival_oval, layout_rooms, moated_statue, serial_bayou_pond_b,
          grunt_decor_cap, minmay_split_cup_small
D:2:      layout_rooms, chequers_ecumenical_altar_simple, minivault_4,
          uniq_robin, uniq_terence
D:3:      layout_basic, cheibrodos_sewer_entry_drain, first_ration,
          bloody_makhleb, uniq_natasha, uniq_crazy_yiuf_cottage, uniq_grinder
D:4:      layout_basic, minmay_temple_entry_fiery, uniq_eustachio
D:5:      layout_loops_cross, evilmike_ruin_ashenzari, basic_altar
D:6:      layout_layer_cave, serial_shops, shop, nicolae_gozag_seed_capital
D:7:      layout_rooms, grunt_temple_overflow_open, minitemple
D:8:      kennysheep_housing_project, layout_cave_pools,
          riverfiend_overflow_shadow_ancestor, hangedman_ranch
          [blue_anna_fruit_fields], kennysheep_generic_room_11
Temple:   cyrus_circular_temple

Skill      XL: |  1  2  3  4  5  6  7  8  9 10 |
---------------+-------------------------------+-----
Armour         | 4 5 6 7 |  7.9
Maces & Flails | 3 4 5 6 8 10 | 10.4
Shields        | 4 5 7 |  7.2
Fighting       | 4 |  4.9
Dodging        | 1 |  1.0
Stealth        | |  0.8

Action                   |  1- 3 |  4- 6 |  7- 9 | 10-12 || total
-------------------------+-------+-------+-------+-------++-------
Melee: Flail             |    99 |   343 |   520 |    57 ||  1019
       Kick              |       |       |    61 |       ||    61
  Use: Potion            |       |     3 |     9 |       ||    12
       Scroll            |       |       |    12 |       ||    12
 Stab: Invisible         |       |       |     1 |       ||     1
  Eat: Chunk             |       |     8 |    14 |     1 ||    23
Armor: Scale mail        |    58 |    41 |       |       ||    99
       Chain mail        |       |   281 |       |       ||   281
       Plate armour      |       |    20 |   400 |    39 ||   459
Dodge: Dodged            |    38 |   113 |    92 |     9 ||   252
Block: Kite shield       |    64 |   258 |   287 |    28 ||   637
